AoeStats
← ElZorro63

Arena

509465015Analyzed
1v1 RM · 5d ago on Sep 26, 2026· 42m 3s· 2 players
Game mode
Random Map
Map size
Tiny (2 player)
Population
200
Speed
Normal
Resources
Standard
Victory
Conquest
Starting age
Dark Age
Ending age
Imperial Age
RankedLock teamsTeams togetherTeam positionsShared explorationLock speedFull tech treeHidden civsTurbo modeCheats
Victory
Defeat
🇺🇸 Britons · United States
1107
+17
🇦🇷 Japanese · Argentina
1136
-17
ElZorro63
7:48 Loom
10:25 Feudal Age
15:01 Castle Age
13:39 Stone Mining
13:43 Double-Bit Axe
14:07 Horse Collar
15:32 Padded Archer Armor
23:05 Wheelbarrow
23:23 Town Watch
25:06 Hand Cart
24:40 Loom
25:16 Town Patrol
26:37 Leather Archer Armor
26:49 Bow Saw
29:52 Imperial Age
27:30 Fletching
27:05 Elite Skirmisher
27:53 Thumb Ring
28:26 Bodkin Arrow
28:51 Heavy Plow
31:14 Kataparuto
31:20 Gold Mining
32:48 Two-Man Saw
32:25 Conscription
33:28 Chemistry
33:08 Ballistics
33:52 Ring Archer Armor
33:23 Bracer
34:10 Siege Engineers
34:15 Pikeman
34:55 Squires
34:46 Elite Samurai
36:03 Scale Mail Armor
39:41 Chain Mail Armor
39:36 Forging
39:39 Arson
39:15 Halberdier
40:44 Light Cavalry
41:34 Bloodlines
41:25 Husbandry
41:32 Scale Barding Armor
Robbie
10:45 Feudal Age
11:58 Loom
14:58 Castle Age
13:32 Double-Bit Axe
13:30 Horse Collar
16:52 Bow Saw
20:42 Wheelbarrow
22:17 Fletching
22:03 Crossbowman
23:20 Padded Archer Armor
23:47 Bodkin Arrow
24:37 Loom
26:05 Gold Mining
27:32 Hand Cart
30:16 Imperial Age
28:49 Hand Cart
28:44 Heavy Plow
28:45 Town Watch
30:23 Ballistics
31:10 Masonry
32:02 Chemistry
31:17 Masonry
31:16 Town Patrol
31:59 Arbalester
32:20 Onager
33:09 Stone Mining
33:50 Conscription
34:13 Siege Engineers
35:44 Architecture
35:18 Bracer
35:39 Leather Archer Armor
36:14 Hoardings
Connection lost

Rejoining the realm…

Still unreachable

The connection could not be restored.

Session expired

The server has moved on; the page needs a fresh start.